cohdb
Replays
Latest Replays
All Replays
Popular Replays
Top Player Replays
Match Explorer
How It Works
Community
CoH3 Stats
Reddit
Sign in to upload your games and track your stats! →
Sign in with Steam
Match 25124839
Unlisted
Match 25124839
Overview
Messages
Build Orders
End
Construct Barracks
Riflemen Squad
Selects Advanced Infantry Battlegroup
Riflemen Squad
Riflemen Squad
Selects Convert to Ranger Squad
Construct Medical Station
Convert to Ranger Squad
Construct Weapon Support Center
M1919 Machine Gun Team
Convert to Ranger Squad
Selects Ammunition Storage
Infantry Support Center
Selects Frontline Medical Station
Convert to Ranger Squad
Selects Ranger Weapon Training
M1 Mortar Team
Construct Tank Depot
M4A1 Sherman Medium Tank
Selects M2A1 105mm Howitzer Emplacement
Selects 155mm Rapid Artillery Barrage
155mm Rapid Artillery Barrage
Engineer Squad
M18 Hellcat Tank Destroyer
155mm Rapid Artillery Barrage
RommelF
Metalharl
^3
Africanoblanco
chieryfox
Petter
MSGMSGMSG(King of Flavor)
baka_reimu
0
0
Comments
sign in to comment!
No comments posted yet!